 Dungeon Crawl Stone Soup version 0.20-a0-903-g7e3609c (webtiles) character file.

120 2tousent the Caller (level 5, -6/35 HPs)
             Began as a Barachi Summoner on Mar 9, 2017.
             Mangled by an orc
             ... wielding a +0 short sword of electrocution
              (15 damage)
             ... on level 3 of the Dungeon on Mar 20, 2017.
             The game lasted 00:05:49 (3040 turns).

2tousent the Caller (Barachi Summoner)              Turns: 3040, Time: 00:05:50

Health: -6/35      AC:  3    Str: 10      XL:     5   Next: 4%
Magic:  2/10       EV: 12    Int: 16      God:
Gold:   102        SH:  0    Dex: 11 (12) Spells: 6/10 levels left

rFire    . . .     SeeInvis .   f - +0 short sword
rCold    . . .     Gourm    .   a - +0 robe
rNeg     . . .     Faith    .   (no shield)
rPois    .         Spirit   .   (no helmet)
rElec    .         Reflect  .   j - +0 cloak
rCorr    .         Harm     .   (no gloves)
MR       .....                  (no boots)
Stlth    ++........             (no amulet)
Regen    0.2/turn               (no ring)
MPRegen  0.2/turn               (no ring)

@: slow
A: +LOS, swims, slowness 1, strong legs 1
a: Hop


You were on level 3 of the Dungeon.
You were very hungry.

You visited 1 branch of the dungeon, and saw 3 of its levels.

You collected 102 gold pieces.

Inventory:

Hand Weapons
 f - a +0 short sword (weapon)
Armour
 a - a +0 robe (worn)
 j - a +0 cloak (worn)
Jewellery
 h - an uncursed ring of fire {unknown}
 l - a +3 ring of slaying {unknown}
 p - a +4 ring of slaying {unknown}
Scrolls
 e - a scroll of recharging {unknown}
 i - a scroll of remove curse {unknown}
 m - a scroll of immolation {unknown}
Potions
 k - a potion of curing {unknown}
 o - a potion of invisibility {unknown}
 q - 2 potions of might {unknown}
Books
 b - a book of Callings

   Spells                             Type                      Level
   a - Summon Small Mammal            Summoning                    1
   b - Call Imp                       Summoning                    2
   c - Call Canine Familiar           Summoning                    3
   d - Summon Guardian Golem          Hexes/Summoning              3
   e - Summon Lightning Spire         Summoning/Air                4
   f - Summon Ice Beast               Ice/Summoning                4
Comestibles
 c - 2 bread rations
 d - a royal jelly
 g - 2 meat rations
 n - 4 fruits


   Skills:
 - Level 2.1 Dodging
 - Level 1.7 Stealth
 + Level 3.3 Spellcasting
 * Level 6.7 Summonings


You had 6 spell levels left.
You knew the following spells:

 Your Spells              Type           Power        Failure   Level  Hunger
a - Summon Small Mammal   Summ           ###.         1%          1    None
b - Call Canine Familiar  Summ           ###.....     3%          3    ###....


Dungeon Overview and Level Annotations

Branches:
Dungeon (3/15)

Altars:
Dithmenos
Kikubaaqudgha

Annotations:
D:3 Purgy


Innate Abilities, Weirdness & Mutations

Shadows flee at your approach. (+LOS)
You can swim through water.
You cover ground slowly.
You can hop short distances.


Message History

Purgy closely misses your hound.
Purgy claws your hound but does no damage.
Your hound misses Purgy.
Your hound bites Purgy.
Casting: Call Canine Familiar
Confirm with . or Enter, or press ? or * to list all spells.
Your hound closely misses Purgy.
Purgy closely misses your hound. Purgy claws your hound. x2
Your hound misses Purgy.
Your hound bites Purgy.
Purgy barely misses your hound. Purgy claws your hound.
Purgy claws your hound but does no damage.
Something barely misses your hound.
Your quokka barely misses Purgy.
Your hound bites Purgy.
Purgy bites your hound! Purgy claws your hound. Purgy barely misses your hound.
Your quokka bites Purgy.
Something hits your hound.
Your hound dies!
Your hound's corpse disappears in a puff of smoke!
Your quokka bites Purgy.
Purgy bites your quokka. Purgy closely misses your quokka.
Purgy claws your quokka. The orc hits you but does no damage.
You are electrocuted!
You die...

.........#..###..#### .
.........#....#.###
#.......###.#.....##
#......##......÷...##
...#####.........#..#
.###..##.##....÷....#
.....##...##......#####
....##.....##..o......#
###.#.......#...@####..#
#..(.._...)....# #
###.......#.r..#
##.....##T...#
##ho.##o{#### ##.##..##
#....## ######


You could see Purgy, 2 orcs and a friendly quokka.

Vanquished Creatures
  An adder (D:2)
  2 dart slugs
  4 leopard geckos
  2 giant cockroaches
  6 goblins
  6 hobgoblins
  6 jackals
  A quokka (D:2)
  5 bats
  5 frilled lizards
  6 kobolds
  7 rats
51 creatures vanquished.

Vanquished Creatures (collateral kills)
  A quasit (D:3)
  Jessica (D:3)
  An adder (D:2)
  2 orcs (D:3)
  2 ball pythons (D:1)
  A goblin (D:1)
  2 kobolds
  A frilled lizard (D:1)
  4 rats
15 creatures vanquished.

Vanquished Creatures (others)
  A bat (D:1)
1 creature vanquished.

Grand Total: 67 creatures vanquished

Notes
Turn   | Place    | Note
-------+----------+-------------------------------------------
     0 | D:1      | 2tousent the Barachian Summoner began the quest for the Orb.
     0 | D:1      | Reached XP level 1. HP: 13/13 MP: 3/3
     0 | D:1      | Upgraded the game from 0.20-a0-850-ge5a7832 to 0.20-a0-903-g7e3609c
   388 | D:1      | Reached skill level 5 in Summonings
   494 | D:1      | Reached XP level 2. HP: 11/19 MP: 1/5
  1116 | D:1      | Reached XP level 3. HP: 24/24 MP: 6/6
  1121 | D:1      | Learned a level 3 spell: Call Canine Familiar
  1736 | D:2      | Found an ancient bone altar of Kikubaaqudgha.
  2209 | D:2      | Reached skill level 6 in Summonings
  2276 | D:2      | Reached XP level 4. HP: 24/30 MP: 8/8
  2699 | D:3      | Noticed Jessica
  2704 | D:3      | Killed Jessica
  2771 | D:3      | Reached XP level 5. HP: 16/35 MP: 8/10
  2942 | D:3      | Found a shadowy altar of Dithmenos.
  3005 | D:3      | Noticed Purgy
  3040 | D:3      | Mangled by an orc

Vault maps used:
D:1:      lightli_arrival_flooded_house
D:2:      overflow_temple_1_default
D:3:      zin_purify, lemuel_round_altar, uniq_jessica, uniq_natasha, uniq_purgy

Skill      XL: |  1  2  3  4 |
---------------+-------------+-----
Summonings     | 5 6 |  6.7
Spellcasting   | 3 |  3.3
Dodging        | |  2.1
Stealth        | |  1.7

Action                   |  1- 3 |  4- 6 || total
-------------------------+-------+-------++-------
Melee: Unarmed           |    13 |       ||    13
       Short sword       |   165 |    68 ||   233
 Cast: Summon Small Mamm |    11 |     1 ||    12
       Call Canine Famil |     2 |     7 ||     9
  Use: Potion            |     2 |       ||     2
 Stab: Sleeping          |     4 |     1 ||     5
  Eat: Chunk             |     5 |     3 ||     8
Armor: Robe              |    52 |    35 ||    87
Dodge: Dodged            |   149 |    63 ||   212
